AoeStats
← ^armia.mavoR

Arabia

504452534Analyzed
1v1 RM · 28d ago on Sep 5, 2026· 29m 6s· 2 players
Game mode
Random Map
Map size
Tiny (2 player)
Population
200
Speed
Normal
Resources
Standard
Victory
Conquest
Starting age
Dark Age
Ending age
Imperial Age
RankedLock teamsTeams togetherTeam positionsShared explorationLock speedFull tech treeHidden civsTurbo modeCheats
Victory
Defeat
🇹🇷 Wei · Türkiye
905
+16
🇩🇪 Cumans · Germany
897
-16
^armia.mavoR
8:52 Loom
11:44 Feudal Age
12:13 Man-at-Arms
23:06 Forging
22:56 Scale Mail Armor
23:34 Horse Collar
24:08 Double-Bit Axe
29:55 Castle Age
eddy
9:00 Loom
11:22 Feudal Age
11:51 Double-Bit Axe
11:51 Horse Collar
19:28 Castle Age
18:24 Fletching
19:52 Scale Barding Armor
23:37 Town Watch
28:11 Wheelbarrow
27:24 Elite Skirmisher
Connection lost

Rejoining the realm…

Still unreachable

The connection could not be restored.

Session expired

The server has moved on; the page needs a fresh start.